 Dungeon Crawl Stone Soup version 0.19-a0-1498-g0b85ae9 (webtiles) character file.

356 epen the Ducker (level 6, -4/51 HPs)
             Began as a Merfolk Monk on Sept 10, 2016.
             Slain by an ogre
             ... wielding a +0 giant club
              (16 damage)
             ... on level 4 of the Dungeon.
             The game lasted 00:04:47 (3881 turns).

epen the Ducker (Merfolk Monk)                      Turns: 3881, Time: 00:04:48

Health: -4/51      AC:  6    Str: 12    XL:     6   Next: 63%
Magic:  6/6        EV: 14    Int:  9    God:
Gold:   129        SH:  0    Dex: 18    Spells: 0 memorised, 5 levels left

rFire  + . .     SeeInvis .     i - +2 dagger (venom)
rCold  . . .     Gourm    .     m - +0 ring mail
rNeg   . . .     Faith    .     (no shield)
rPois  +         Spirit   .     (helmet restricted)
rElec  .         Dismiss  .     (no cloak)
rCorr  .         Reflect  .     (no gloves)
MR     .....     Harm     .     (no boots)
Stlth  ++........               (no amulet)
                                (no ring)
                                d - ring of poison resistance

@: no status effects
A: change form in water, swift swim, stealthy swim, horns 1, blurry vision 1,
fire resistance 1, shaggy fur 1
a: no special abilities


You were on level 4 of the Dungeon.
You were hungry.

You visited 1 branch of the dungeon, and saw 4 of its levels.

You collected 129 gold pieces.

Inventory:

Hand Weapons
 i - a +2 dagger of venom (weapon)
Missiles
 e - a throwing net (quivered)
Armour
 a - a +0 robe
 m - a +0 ring mail (worn)
Jewellery
 d - a ring of poison resistance (left hand)
Scrolls
 j - 5 scrolls of remove curse
Potions
 f - a potion of degeneration {unknown}
 g - a potion of might {unknown}
 k - 3 potions of curing
 l - a potion of magic {unknown}
 n - 2 potions of agility
 o - 2 potions of cure mutation
Books
 c - a book of Transfigurations

   Spells                             Type                      Level
   a - Irradiate                      Conjuration/Transmutation    5
   b - Statue Form                    Transmutation/Earth          6
   c - Hydra Form                     Transmutation                6
   d - Dragon Form                    Transmutation                7
Comestibles
 b - 2 bread rations
 h - a royal jelly
 p - 3 chunks of flesh


   Skills:
 + Level 5.1 Fighting
 + Level 5.8 Dodging
 - Level 2.1 Stealth
 * Level 5.8 Unarmed Combat


You had 5 spell levels left.
You didn't know any spells.

Dungeon Overview and Level Annotations

Branches:
Dungeon (4/15)
 Temple: D:4-7

Altars:
Ashenzari
Gozag


Innate Abilities, Weirdness & Mutations

You revert to your normal form in water.
You are very nimble and swift while swimming.
You are very stealthy in the water.
You have a pair of small horns on your head.
Scrolls take you a little longer to read.
Your flesh is heat resistant. (rF+)
You are covered in fur. (AC +1)


Message History

The ogre is lightly wounded.
The ogre closely misses you.
You hit the ogre.
The ogre is lightly wounded.
You closely miss the ogre.
The ogre is lightly wounded.
The ogre hits you with a giant club!
* * * LOW HITPOINT WARNING * * *
You are too injured to fight recklessly!
You hit the ogre.
The ogre is poisoned.
You headbutt the ogre.
The ogre is moderately wounded.
The ogre closely misses you.
Things that are here:
a mace; an orc skeleton You see here a spear.
The ogre looks more healthy.
You barely miss the ogre.
The ogre is moderately wounded.
The ogre hits you with a giant club!
You die...

##)# ######.###
#########))...>..# ...#.
.#..)....#)###)...#
...#.#.#8.....8#.###....#
...#.#.#.......#.#......#
.....#<#8.....8#l#......#
.....#.#.......#O#......#
.....#.#8))...8#@#......#
#....#.#(......#.#.....##
#.....†#8.)...8#.#.....#
#...<#.#.......#.#.....#
#....#.........#.#######
##.#..(....O..##.#
#.#.#....###.##.# .
#.#......#.##.# .#
#.#..#.#.#.##.#####


You could see an ogre and a giant gecko.

Vanquished Creatures
  An ogre (D:4)
  2 orc wizards (D:4)
  6 gnolls (D:3)
  7 adders
  An ooze (D:2)
  2 worms
  3 dart slugs
  2 giant geckos
  4 orcs (D:4)
  4 ball pythons
  5 bats
  2 giant cockroaches
  12 goblins
  8 hobgoblins
  2 quokkas
  4 giant newts
  6 kobolds
  9 rats
80 creatures vanquished.

Vanquished Creatures (others)
  4 toadstools (D:1)
4 creatures vanquished.

Grand Total: 84 creatures vanquished

Notes
Turn   | Place    | Note
-------+----------+-------------------------------------------
     0 | D:1      | epen the Merfolk Monk began the quest for the Orb.
     0 | D:1      | Reached XP level 1. HP: 18/18 MP: 1/1
   324 | D:1      | Reached XP level 2. HP: 24/24 MP: 2/2
   757 | D:2      | HP: 1/25 [worm (11)]
  1100 | D:2      | Reached XP level 3. HP: 30/30 MP: 3/3
  1243 | D:2      | Found a shattered altar of Ashenzari.
  1630 | D:2      | Reached XP level 4. HP: 30/37 MP: 4/4
  1926 | D:2      | Found an opulent altar of Gozag.
  2039 | D:3      | Gained mutation: Scrolls take you a little longer to read. [potion of mutation]
  2039 | D:3      | Gained mutation: Your flesh is heat resistant. (rF+) [potion of mutation]
  2039 | D:3      | Gained mutation: You are covered in fur. (AC +1) [potion of mutation]
  2040 | D:3      | Gained mutation: You have a pair of small horns on your head. [potion of mutation]
  2325 | D:3      | Reached skill level 5 in Dodging
  2345 | D:2      | Reached XP level 5. HP: 7/43 MP: 5/5
  3120 | D:3      | Reached skill level 5 in Unarmed Combat
  3572 | D:4      | Noticed an ogre
  3595 | D:4      | Killed an ogre
  3595 | D:4      | Reached skill level 5 in Fighting
  3595 | D:4      | Reached XP level 6. HP: 26/51 MP: 6/6
  3881 | D:4      | Slain by an ogre

Vault maps used:
D:1:      ldierk_water_garden
D:2:      marbit_many_paths, ashenzari_conservatory_becter,
          minmay_misc_feat_roman, st_stairs_12
D:4:      kennysheep_the_goblin_king, tgw_trog, first_bread, uniq_robin

Skill      XL: |  1  2  3  4  5 |
---------------+----------------+-----
Unarmed Combat | 4 5 |  5.8
Fighting       | 4 5 |  5.1
Dodging        | 5 |  5.8
Stealth        | |  2.1

Action                   |  1- 3 |  4- 6 || total
-------------------------+-------+-------++-------
Melee: Unarmed           |   125 |   173 ||   298
       Punch             |     2 |     5 ||     7
       Headbutt          |       |    32 ||    32
       Dagger            |       |    32 ||    32
  Use: Scroll            |       |    10 ||    10
       Potion            |       |     2 ||     2
 Stab: Sleeping          |     3 |       ||     3
  Eat: Chunk             |     2 |     7 ||     9
Armor: Robe              |     5 |       ||     5
       Ring mail         |    10 |    58 ||    68
Dodge: Dodged            |    78 |   140 ||   218
